 Dungeon Crawl Stone Soup version 0.24.1-14-gf8d2b50 (webtiles) character file.

Game seed: 8785320451451081089, levelgen mode: deterministic

16262 shmeve the Blocker (level 12, -4/165 HPs)
             Began as a Minotaur Berserker on June 14, 2020.
             Was an Elder of Trog.
             Slain by a harpy (9 damage)
             ... on level 12 of the Dungeon.
             The game lasted 00:19:52 (11520 turns).

shmeve the Blocker (Minotaur Berserker)            Turns: 11520, Time: 00:19:53

Health: -4/165     AC: 17    Str: 38    XL:     12   Next: 8%
Magic:  11/11      EV: 11    Int:  5    God:    Trog [****..]
Gold:   577        SH:  6    Dex: 10    Spells: 11/11 levels left

rFire    . . .     SeeInvis .   I - +6 hand axe (chop)
rCold    . . .     Gourm    .   t - +0 buckler
rNeg     . . .     Faith    .   v - +0 plate armour
rPois    .         Spirit   .   (helmet restricted)
rElec    .         Reflect  .   x - +0 cloak
rCorr    .         Harm     .   l - +0 pair of gloves
MR       ++...                  u - +0 pair of boots
Stlth    ..........             (no amulet)
HPRegen  1.37/turn              p - +3 ring of strength
MPRegen  0.12/turn              s - +4 ring of strength

@: berserking, regenerating, very quick
A: retaliatory headbutt, horns 2
a: Berserk, Trog's Hand, Brothers in Arms, Renounce Religion


You were on level 12 of the Dungeon.
You worshipped Trog.
Trog was greatly pleased with you.
You were very hungry.

You visited 2 branches of the dungeon, and saw 13 of its levels.

You collected 682 gold pieces.
You spent 105 gold pieces at shops.

Inventory:

Hand Weapons
 I - a +6 hand axe of chopping (weapon)
Missiles
 a - 16 boomerangs (quivered)
 B - 2 throwing nets
Armour
 l - a +0 pair of gloves (worn)
 t - a +0 buckler (worn)
 u - a +0 pair of boots (worn)
 v - a +0 plate armour (worn)
 x - a +0 cloak (worn)
Jewellery
 p - a +3 ring of strength (left hand)
 s - a +4 ring of strength (right hand)
Scrolls
 d - 3 scrolls of fear {unknown}
 e - a scroll of blinking {unknown}
 f - 11 scrolls of remove curse
 h - 6 scrolls of amnesia {unknown}
 j - 8 scrolls of identify
 k - 5 scrolls of enchant weapon {unknown}
 n - 8 scrolls of teleportation {unknown}
 o - 2 scrolls of random uselessness {unknown}
 q - 4 scrolls of enchant armour {unknown}
 y - a scroll of magic mapping {unknown}
 F - a scroll of noise {unknown}
 G - a scroll of silence {unknown}
 J - a scroll of brand weapon {unknown}
Potions
 b - 3 potions of flight {unknown}
 g - 3 potions of degeneration {unknown}
 i - 4 potions of curing {unknown}
 m - 3 potions of heal wounds {unknown}
 w - 4 potions of haste {unknown}
 z - 2 potions of might {unknown}
 A - a potion of agility {unknown}
 C - 2 potions of resistance {unknown}
 D - a potion of brilliance {unknown}
 E - a potion of lignification {unknown}
 H - a potion of ambrosia {unknown}
Comestibles
 c - 15 rations
 r - 4 chunks of flesh


   Skills:
 * Level 11.5 Fighting
 * Level 11.5 Axes
 + Level 6.3 Throwing
 + Level 8.1 Armour
 + Level 7.5 Dodging
 * Level 11.6 Shields


You had 11 spell levels left.
You didn't know any spells.
Your spell library was empty.

Dungeon Overview and Level Annotations

Branches:
Dungeon (12/15)            Temple (1/1) D:6            Lair (0/6) D:11
    Orc (0/2) D:9

Altars:
Dithmenos
Elyvilon
Fedhas
Gozag
Qazlal
Ru
Sif Muna
Trog
Vehumet
Wu Jian
Xom
The Shining One

Shops:
D:9 *

Annotations:
D:12 1 transporter, Yooja's ghost, journeyman OgFE


Innate Abilities, Weirdness & Mutations

You reflexively headbutt those who attack you in melee.
You have a pair of horns on your head.


Message History

You block the ten-headed hydra's attack.
The ten-headed hydra bites you!
* * * LOW HITPOINT WARNING * * *
The ten-headed hydra bites you!!
* * * LOW HITPOINT WARNING * * *
The ten-headed hydra bites you!
* * * LOW HITPOINT WARNING * * *
You block the ten-headed hydra's attack.
The ten-headed hydra bites you!
* * * LOW HITPOINT WARNING * * *
You block the ten-headed hydra's attack. x2
The ten-headed hydra barely misses you. The harpy closely misses you.
The harpy claws you but does no damage.
Your two-headed ogre hits the ten-headed hydra with a +0 giant club!!
Your two-headed ogre hits the ten-headed hydra with a +0 giant spiked club!!
The ten-headed hydra dies!
Trog accepts your kill.
The moth of wrath bites your two-headed ogre!!
The harpy closely misses you. The harpy barely misses you. The harpy claws you!
You die...

#. .. # #.. ###.##.###########
#########..## ....#...........##
'.##......##.. .#.. #...........#
#.##......#... ...# #...........#
#..#...<..##..##.#. #...........#
##.'......©#.#...#$##...........#
####......##...HH#|#..}..........
# #.)....# #©@D:#©..........## #
###'##.#.#..O#.[#...........# #
#....##.#..y.)##..........#
###...#...#.#W.#.######.###
#.#.#...#.#..#†# ..#
#...#.......##.# .##
##..###.D.###†.#
###'...#####...##
#..........(.).###


You could see a six-headed hydra (berserk), 2 harpies, Yooja's ghost and a
friendly two-headed ogre (berserk).

Vanquished Creatures
  3 two-headed ogres
  3 death yaks (D:11)
  Pikel (D:6)
  An ugly thing (D:12)
  A moth of wrath (D:12)
  A centaur skeleton (D:12)
  2 gargoyles
  3 hippogriffs (D:11)
  5 slime creatures (D:12)
  Sigmund (D:3)
  2 wraiths
  2 wyverns
  A shadow (D:11)
  5 yaks
  A hungry ghost (D:7)
  A water moccasin (D:6)
  An acid dragon (D:7)
  2 black bears
  7 orc warriors
  6 sky beasts
  3 slaves (D:6)
  5 ice beasts
  A necrophage (D:11)
  2 phantoms
  5 ogres
  4 centaurs
  A big kobold (D:7)
  7 bullfrogs
  2 scorpions
  9 wights
  9 killer bees
  6 howler monkeys
  A centaur zombie (D:6)
  5 crimson imps
  2 bullfrog zombies
  A quasit (D:9)
  4 jellies
  2 gnoll shamans
  5 orc priests
  2 bullfrog skeletons
  2 hounds
  8 orc wizards
  Crazy Yiuf (D:6)
  5 iguanas
  11 worker ants
  A killer bee zombie (D:7)
  A hound zombie (D:6)
  A hound skeleton (D:9)
  Robin (D:4)
  A howler monkey zombie (D:10)
  9 gnolls
  A howler monkey skeleton (D:6)
  13 adders
  3 shadow imps
  2 oozes
  2 adder skeletons
  3 worms
  A dart slug (D:1)
  5 leopard geckos
  42 orcs
  6 bats
  5 giant cockroaches
  15 goblins
  7 hobgoblins
  12 jackals
  12 kobolds
  3 quokkas (D:9)
  5 frilled lizards
  A jackal skeleton (D:5)
  A jackal zombie (D:8)
  A quokka skeleton (D:7)
  6 rats
312 creatures vanquished.

Vanquished Creatures (collateral kills)
  A hydra (D:12)
  A soldier ant (D:12)
2 creatures vanquished.

Grand Total: 314 creatures vanquished

Notes
Turn   | Place    | Note
-------+----------+-------------------------------------------
     0 | D:1      | shmeve the Minotaur Berserker began the quest for the Orb.
     0 | D:1      | Reached XP level 1. HP: 19/19 MP: 0/0
   110 | D:1      | Reached XP level 2. HP: 21/27 MP: 1/1
   602 | D:1      | Reached XP level 3. HP: 15/33 MP: 2/2
  1259 | D:2      | Reached ** piety under Trog
  1272 | D:2      | Reached skill level 1 in Throwing
  1483 | D:2      | Found an opulent altar of Gozag.
  1483 | D:2      | Found a radiant altar of Vehumet.
  1489 | D:2      | Found a blossoming altar of Fedhas.
  1490 | D:2      | Found a glowing golden altar of the Shining One.
  1490 | D:2      | Found an ornate altar of the Wu Jian Council.
  1490 | D:2      | Found a stormy altar of Qazlal.
  1491 | D:2      | Found a sacrificial altar of Ru.
  1492 | D:2      | Found a bloodstained altar of Trog.
  1493 | D:2      | Found a shadowy altar of Dithmenos.
  1495 | D:2      | Found a white marble altar of Elyvilon.
  1911 | D:3      | Reached XP level 4. HP: 41/41 MP: 3/3
  2145 | D:3      | Reached skill level 1 in Shields
  2185 | D:3      | Noticed Sigmund
  2188 | D:3      | Killed Sigmund
  2188 | D:3      | Reached XP level 5. HP: 47/47 MP: 4/4
  2188 | D:3      | Reached XP level 6. HP: 53/53 MP: 5/5
  2724 | D:4      | Reached skill level 5 in Shields
  2876 | D:4      | You fall into a shaft and drop 2 floors!
  2876 | D:6      | Found a shadowy altar of Dithmenos.
  2893 | D:6      | Reached skill level 5 in Fighting
  2893 | D:6      | Reached skill level 5 in Axes
  3031 | D:6      | Reached XP level 7. HP: 49/61 MP: 6/6
  3127 | D:5      | Entered Level 5 of the Dungeon
  4282 | D:4      | Found a shimmering blue altar of Sif Muna.
  4542 | D:4      | Reached *** piety under Trog
  4550 | D:4      | Noticed Robin
  4556 | D:4      | Killed Robin
  4911 | D:6      | Reached XP level 8. HP: 41/70 MP: 7/7
  5175 | D:6      | Found a runed translucent door.
  5176 | D:6      | Noticed Crazy Yiuf
  5183 | D:6      | Killed Crazy Yiuf
  5494 | D:6      | Found a staircase to the Ecumenical Temple.
  5510 | D:6      | Noticed Pikel
  5522 | D:6      | Killed Pikel
  5571 | Temple   | Entered the Ecumenical Temple
  6133 | D:7      | Reached skill level 5 in Armour
  6133 | D:7      | Reached XP level 9. HP: 73/79 MP: 8/8
  6451 | D:7      | Identified the cursed +1 long sword "Ezuakh" {speed, rC+
                  | MR+ Int-2 SInv}
  6451 | D:7      | Identified the ring "Sekil" {Fire *Corrode MR++ SInv}
  6488 | D:7      | Reached skill level 5 in Dodging
  6538 | D:7      | Identified the Collected Works on Mutagenic Ice
  6796 | D:7      | Reached **** piety under Trog
  7272 | D:7      | Reached XP level 10. HP: 90/90 MP: 9/9
  7445 | D:7      | Found a bloodstained altar of Trog.
  8451 | D:9      | Noticed a two-headed ogre
  8457 | D:9      | Killed a two-headed ogre
  8530 | D:9      | Found a shimmering altar of Xom.
  8566 | D:9      | Reached ***** piety under Trog
  8773 | D:9      | Found Lofa's Assorted Antiques.
  8788 | D:9      | Bought a scroll labeled KAKYIF AGIHUMAAQ for 35 gold pieces
  8788 | D:9      | Bought a scroll labeled DUEWIU QARR for 35 gold pieces
  8788 | D:9      | Bought a scroll labeled ZIFIVV IROGGENG for 35 gold pieces
  8808 | D:9      | Noticed a gargoyle
  8831 | D:9      | Killed a gargoyle
  8831 | D:9      | Reached skill level 5 in Throwing
  9118 | D:9      | Reached skill level 10 in Shields
  9179 | D:9      | Found a staircase to the Orcish Mines.
  9535 | D:9      | Received a gift from Trog
  9695 | D:10     | Entered Level 10 of the Dungeon
  9708 | D:10     | Noticed a two-headed ogre
  9715 | D:10     | Killed a two-headed ogre
  9715 | D:10     | Reached skill level 10 in Fighting
  9715 | D:10     | Reached skill level 10 in Axes
  9875 | D:10     | Reached XP level 11. HP: 93/99 MP: 10/10
 10041 | D:10     | Received a gift from Trog
 10760 | D:11     | Noticed a death yak
 10761 | D:11     | Noticed a death yak
 10762 | D:11     | Found a staircase to the Lair.
 10763 | D:11     | Noticed a death yak
 10771 | D:11     | Killed a death yak
 10779 | D:11     | Killed a death yak
 10783 | D:11     | Killed a death yak
 11336 | D:12     | Noticed a two-headed ogre
 11350 | D:12     | Killed a two-headed ogre
 11379 | D:12     | Found a transporter.
 11379 | D:12     | Noticed a harpy
 11380 | D:12     | Noticed a harpy
 11380 | D:12     | Noticed a six-headed hydra
 11381 | D:12     | Noticed Yooja's ghost (journeyman OgFE)
 11381 | D:12     | Noticed a seven-headed hydra
 11392 | D:12     | Found a transporter.
 11398 | D:12     | Noticed a brown ugly thing
 11411 | D:12     | Killed a brown ugly thing
 11494 | D:12     | Reached XP level 12. HP: 96/110 MP: 11/11
 11519 | D:12     | HP: 4/165 [ten-headed hydra (13)]
 11519 | D:12     | Killed a ten-headed hydra
 11520 | D:12     | Slain by a harpy

Levels and vault maps discovered:
D:1:      dpeg_arrival_connections, layout_basic, minivault_27,
          chequers_serial_rivers_large_a
D:2:      layout_rooms, minitemple
D:3:      layout_loops_corners, uniq_sigmund
D:4:      layout_loops_ring, lemuel_round_altar, first_ration, uniq_robin
D:5:      layout_basic
D:6:      layout_loops_ring, minmay_temple_entry_junction_2,
          nicolae_dithmenos_through_a_glass_darkly, uniq_pikel,
          uniq_crazy_yiuf_cottage
D:7:      minmay_the_grid_octo_tiled_octocenter [minmay_the_grid_octo_checkered,
          minmay_the_grid_octo_clover, minmay_the_grid_octo_thin_diamonds,
          minmay_the_grid_octo_empty, minmay_the_grid_octo_prize_star,
          minmay_the_grid_square_5x5_empty, minmay_the_grid_square_5x5_seven,
          minmay_the_grid_square_5x5_meh, minmay_the_grid_square_5x5_trominoes],
          layout_layer_cave, trog_book
D:8:      layout_rooms, columned_hall_lemuel
D:9:      layout_loops_ring, marbit_many_paths, david_orc_4, serial_shops, shop
D:10:     layout_roguey
D:11:     layout_small_grid, dpeg_lair_monsters
D:12:     layout_roguey, gammafunk_ghost_berserking_beasts, uniq_urug
Temple:   jpeg_temple_alley_garden

Skill      XL: |  1  2  3  4  5  6  7  8  9 10 11 |
---------------+----------------------------------+-----
Axes           | 4 5 6 7 8 10 11 | 11.5
Fighting       | 4 5 6 7 8 10 11 | 11.5
Throwing       | 1 2 3 4 5 6 |  6.3
Armour         | 3 4 5 7 8 |  8.1
Shields        | 4 5 6 7 8 10 11 | 11.6
Dodging        | 3 4 5 6 7 |  7.5

Action                   |  1- 3 |  4- 6 |  7- 9 | 10-12 || total
-------------------------+-------+-------+-------+-------++-------
Melee: Hand axe          |    88 |    25 |    29 |   296 ||   438
       Headbutt          |     7 |    15 |    58 |    76 ||   156
       War axe           |       |    32 |   237 |       ||   269
Throw: Boomerang         |       |     6 |    11 |     9 ||    26
Invok: Berserk           |       |     1 |     5 |     9 ||    15
       Trog's Hand       |       |       |     2 |     5 ||     7
       Brothers in Arms  |       |       |       |     1 ||     1
  Use: Scroll            |       |       |     5 |       ||     5
  Eat: Chunk             |     3 |     2 |    12 |    23 ||    40
       Ration            |       |     1 |     2 |       ||     3
Armor: Animal skin       |    17 |     1 |       |       ||    18
       Scale mail        |       |    17 |    44 |       ||    61
       Plate armour      |       |       |    64 |   132 ||   196
Dodge: Dodged            |    50 |    35 |   139 |   128 ||   352
Block: Buckler           |       |     5 |    66 |    93 ||   164
